 Dungeon Crawl Stone Soup version 0.31-a0-868-g674d60d6f7 (webtiles) character file.

Game seed: 12916509921451732447

126 kae the Vexing (level 4, 0/32 HPs)
             Began as a Demonspawn Enchanter on Oct 11, 2023.
             Killed by divine providence
             ... invoked by an orc priest
              (12 damage)
             ... on level 3 of the Dungeon.
             The game lasted 00:01:49 (1982 turns).

kae the Vexing (Demonspawn Enchanter)               Turns: 1982, Time: 00:01:50

Health: 0/32       AC:  8    Str: 11    XL:     4   Next: 84%
Magic:  7/7        EV: 12    Int: 16    God:
Gold:   105        SH:  0    Dex: 13    Spells: 2/7 levels left

rFire   . . .        a - +1 dagger
rCold   . . .        (no shield)
rNeg    . . .        k - +3 leather armour
rPois   .            (no helmet)
rElec   .            (no cloak)
rCorr   .            (no gloves)
SInv    .            (no boots)
Will    .....        (no amulet)
Stlth   ++           (no ring)
HPRegen 0.25/turn    (no ring)
MPRegen 0.10/turn

%: no passive effects
@: studying Staves
A: hooves 2, icy blue scales 1
a: no special abilities


You were on level 3 of the Dungeon.
You visited 1 branch of the dungeon, and saw 3 of its levels.

You collected 105 gold pieces.


Innate Abilities, Weirdness & Mutations

You have hoof-like feet.
You are partially covered in icy blue scales. (AC +2)


   Skills:
 + Level 1.3 Fighting
 * Level 2.1 Short Blades
 + Level 0.6 Armour
 + Level 2.2 Dodging
 + Level 2.9 Stealth
 + Level 2.2 Spellcasting
 * Level 3.7 Hexes
 + Level 0.8 Ice Magic


You had 2 spell levels left.
You knew the following spells:

 Your Spells              Type           Power      Damage    Failure   Level
a - Ensorcelled Hibernat  Hex/Ice        18%        N/A       16%         2
b - Confusing Touch       Hex            13%        N/A       17%         3

Your spell library contained the following spells:

 Spells                   Type           Power      Damage    Failure   Level
 Freeze                   Ice            16%        1d4       19%         1
 Tukima's Dance           Hex            13%        N/A       17%         3
 Dazzling Flash           Conj/Hex       14%        N/A       36%         3
 Frozen Ramparts          Ice            8%         1d2       50%         3
 Hailstorm                Conj/Ice       3%         3d3       56%         3

Inventory:

Hand Weapons
 a - a +1 dagger (weapon)
Missiles
 d - 29 stones
Armour
 b - a +0 robe
 k - a +3 leather armour (worn)
   (You found it on level 1 of the Dungeon)
Jewellery
 F - a ring of protection from fire
   (You found it on level 2 of the Dungeon)
 P - a ring of poison resistance
   (You found it on level 2 of the Dungeon)
Scrolls
 e - a scroll of immolation {unknown}
 j - a scroll of enchant weapon {unknown}
 l - a scroll of poison {unknown}
 n - a scroll of noise {unknown}
 o - 2 scrolls of identify {@r1}
Potions
 c - 2 potions of invisibility
 h - a potion of brilliance {unknown}
 i - a potion of might
 q - a potion of resistance {unknown}

Dungeon Overview and Level Annotations

Branches:
Dungeon (3/15) Zot: 16033

Altars:

*****,,,,,,,,********
###########..!.....****
###############...,,,,***
###############...,,,,,,**
#...###########...**,,,,,,
#.#.############[#****,,,,
#.....##########.# *****
####..o.########โ€ # ***
####..#oo@.#####.## *,,
#####o####.....#..## *,_
#####.########.....### *,,
#####o###########....###*ยง
##...?######### ##.....##ยง
##.##.######### ###.#.)#.
##.##..########** #......
##..#.o.........######....
**,#.##******#.......#...


You could see an orc priest and 2 orcs.


Message History

As you read the scroll labelled LIZAUW OTUGO, it crumbles to dust.
A profound silence engulfs you.
It was a scroll of silence. ๐Ÿ˜• HP[+1]
You hit the adder but do no damage. The adder closely misses you.
The adder bites you but does no damage.
You hit the adder. You kick the adder. The adder barely misses you.
You closely miss the adder. The adder bites you but does no damage.
Unknown command.
You hit the adder. The adder barely misses you.
You barely miss the adder.
The adder closely misses you. ๐Ÿ˜Ž HP[+1]
Your hp is fully restored (32).
You barely miss the adder. The adder bites you. ๐Ÿ˜• HP[-2]
You take 2 damage, and now have 30/32 hp.
You hit the adder.
You kill the adder!
You hit the orc priest. The orc hits you with a +0 dagger.
The orc wizard hits you with a +0 dagger.
The orc priest hits you but does no damage. ๐Ÿ˜• HP[-3]
You take 3 damage, and now have 27/32 hp.
Unknown command.
You hit the orc priest. You kick the orc priest. The orc closely misses you.
The orc wizard hits you but does no damage.
The orc priest barely misses you. The orc attacks as it pursues you!
The orc hits you but does no damage.
The orc priest hits you but does no damage. ๐Ÿ˜• HP[+1] Unknown command.
You hit the orc priest. The orc priest barely misses you.
You hit the orc priest.
You kick the orc priest, but do no damage.
The orc priest hits you but does no damage.
You barely miss the orc priest. You kick the orc priest.
You kill the orc priest!
You hit the orc priest but do no damage.
You kick the orc priest.
The orc priest hits you but does no damage.
You hit the orc priest.
You kick the orc priest, but do no damage.
The orc priest hits you with a +2 flail of protection. ๐Ÿ˜• HP[-1]
You take 1 damage, and now have 27/32 hp.
Unknown command.
You barely miss the orc priest. You kick the orc priest.
The orc priest hits you but does no damage.
You hit the orc priest but do no damage.
The orc wizard mumbles some strange words.
The orc wizard flickers and vanishes!
Deactivating autopickup; reactivate with Ctrl-A.
Unknown command.
You hit the orc priest but do no damage.
Your kick misses the orc priest. The orc priest barely misses you.
You barely miss the orc priest.
The orc priest misses you. ๐Ÿ˜• HP[+1] Unknown command.
You hit the orc priest. The orc priest barely misses you.
You hit the orc priest. Your kick misses the orc priest.
The orc priest completely misses you.
Unknown command.
You hit the orc priest.
You kick the orc priest, but do no damage.
The orc priest hits you with a +2 flail of protection! ๐Ÿ˜ฎ HP[-8]
You take 8 damage, and now have 20/32 hp.
MASSIVE DAMAGE!! (PAUSE)
You hit the orc priest but do no damage.
You kick the orc priest. The orc priest barely misses you.
You hit the orc priest but do no damage.
Your kick misses the orc priest.
The orc priest mumbles some strange prayers to Beogh against you.
Beogh smites you!
* * * LOW HITPOINT WARNING * * *
๐Ÿ˜จ HP[-8]
You take 8 damage, and now have 12/32 hp.
MASSIVE DAMAGE!! (PAUSE)
You barely miss the orc priest. Your kick misses the orc priest.
The orc priest hits you with a +2 flail of protection.
* * * LOW HITPOINT WARNING * * *
๐Ÿ˜จ HP[-1]
You take 1 damage, and now have 11/32 hp.
Unknown command.
You hit the orc priest. Your kick misses the orc priest.
The orc priest misses you.
You barely miss the orc priest.
Unknown command.
You hit the orc priest but do no damage.
The orc priest hits you but does no damage. ๐Ÿ˜จ HP[+1] Unknown command.
You hit the orc priest but do no damage.
Your kick misses the orc priest.
Your hearing returns.
The orc priest hits you but does no damage.
You hit the orc priest but do no damage.
The orc priest calls down the wrath of Beogh upon you.
Beogh smites you!
You die...

Skill      XL: |  1  2  3 |
---------------+----------+-----
Short Blades   | 1 2 |  2.1
Dodging        | 2 |  2.2
Fighting       | 1 |  1.3
Armour         | |  0.6
Stealth        | |  2.9
Spellcasting   | |  2.2
Hexes          | |  3.7
Ice Magic      | |  0.8

Action                     |  1- 3 |  4- 6 || total
---------------------------+-------+-------++-------
  Melee: Dagger            |   163 |    67 ||   230
         Punch             |     1 |       ||     1
         Kick              |    14 |    20 ||    34
   Cast: Ensorcelled Hiber |     3 |     2 ||     5
    Use: Scroll            |       |     4 ||     4
         Potion            |       |     1 ||     1
   Stab: Sleeping          |     8 |     1 ||     9
 Armour: Robe              |    48 |       ||    48
         Leather armour    |    51 |    44 ||    95
  Dodge: Dodged            |   100 |    32 ||   132

Levels and vault maps discovered:
D:1:      dpeg_arrival_water_temple_mockup, layout_loops_cross,
          chequers_serial_rivers_micro_b, minmay_worlds_worst_comb
D:2:      layout_basic
D:3:      layout_rooms, nzn_hepliaklqana_mist_gate

Notes
Turn   | Place    | Note
-------+----------+-------------------------------------------
     0 | D:1      | kae the Demonspawn Enchanter began the quest for the Orb.
     0 | D:1      | Reached XP level 1. HP: 13/13 MP: 3/3
     0 | D:1      | magus.rc [v1.11.3]
    68 | D:1      | Reached skill level 1 in Short Blades
   275 | D:1      | You fall into a shaft and drop 1 floor!
   319 | D:2      | Gained mutation: You are partially covered in icy blue
                  | scales. (AC +2) [demonic ancestry]
   319 | D:2      | Reached XP level 2. HP: 19/19 MP: 5/5
   322 | D:2      | Learned a level 2 spell: Ensorcelled Hibernation
   557 | D:1      | Reached skill level 2 in Dodging
   646 | D:1      | Gained mutation: You have large cloven feet. [demonic
                  | ancestry]
   646 | D:1      | Reached XP level 3. HP: 24/25 MP: 6/6
  1453 | D:2      | Reached skill level 1 in Fighting
  1615 | D:2      | Reached skill level 2 in Short Blades
  1615 | D:2      | Gained mutation: You have hoof-like feet. [demonic
                  | ancestry]
  1615 | D:2      | Reached XP level 4. HP: 20/32 MP: 0/7
  1748 | D:3      | Learned a level 3 spell: Confusing Touch
  1838 | D:3      | You pick up a book of Frost and begin reading...
  1838 | D:3      | You add the spells Freeze, Frozen Ramparts and Hailstorm to
                  | your library.
  1982 | D:3      | Killed from afar by an orc priest

Vanquished Creatures
  An orc priest (D:3)
  4 adders
  8 ball pythons
  3 endoplasms
  4 giant cockroaches
  3 goblins
  7 hobgoblins
  8 jackals
  3 quokkas
  4 bats (D:1)
  6 frilled lizards
  3 kobolds
  2 rats
56 creatures vanquished.

Table legend:
 A = Non-vault XP
 B = Vault XP
 C = Vault XP percentage of total XP
 D = Non-vault monster count
 E = Vault monster count
 F = Vault count percentage of total count
                 A         B        C        D         E       F
            +---------+---------+-------+---------+---------+-------
      Total |     177 |       4 |   2.2 |      54 |       2 |   3.6
            +---------+---------+-------+---------+---------+-------
        D:1 |      36 |       4 |  10.0 |      22 |       2 |   8.3
        D:2 |      59 |       0 |   0.0 |      20 |       0 |   0.0
        D:3 |      82 |       0 |   0.0 |      12 |       0 |   0.0
            +---------+---------+-------+---------+---------+-------

Skill      XL: |  1  2  3 |
---------------+----------+-----
Short Blades   | 1 2 |  2.1
Dodging        | 2 |  2.2
Fighting       | 1 |  1.3
Armour         | |  0.6
Stealth        | |  2.9
Spellcasting   | |  2.2
Hexes          | |  3.7
Ice Magic      | |  0.8

Action                     |  1- 3 |  4- 6 || total
---------------------------+-------+-------++-------
  Melee: Dagger            |   163 |    67 ||   230
         Punch             |     1 |       ||     1
         Kick              |    14 |    20 ||    34
   Cast: Ensorcelled Hiber |     3 |     2 ||     5
    Use: Scroll            |       |     4 ||     4
         Potion            |       |     1 ||     1
   Stab: Sleeping          |     8 |     1 ||     9
 Armour: Robe              |    48 |       ||    48
         Leather armour    |    51 |    44 ||    95
  Dodge: Dodged            |   100 |    32 ||   132

Illustrated notes

Table legend:
 A = Kills in this place as a percentage of kills in the entire game.
 B = Kills by you in this place as a percentage of kills by you in the entire game.
 C = Kills by friends in this place as a percentage of kills by friends in the entire game.
 D = Other kills in this place as a percentage of other kills in the entire game.
 E = Experience gained in this place as a percentage of experience gained in the entire game.
 F = Experience gained in this place divided by the number of levels of this place that you have seen.
                   A       B       C       D       E      F
               +-------+-------+-------+-------+-------+----------------------
         Total | 100.0 | 100.0 |   N/A |   N/A | 100.0 |  60.3
       Dungeon | 100.0 | 100.0 |   N/A |   N/A | 100.0 |  60.3
               +-------+-------+-------+-------+-------+----------------------

Table legend: (Time is in decaauts)
 A = Elapsed time spent in this place.
 B = Non-inter-level travel time spent in this place.
 C = Inter-level travel time spent in this place.
 D = Time resting spent in this place.
 E = Time spent auto-exploring this place.
 F = Levels seen in this place.
 G = Mean time per level.
                   A        B        C        D        E       F      G
               +--------+--------+--------+--------+--------+-----+--------+
         Total |   1965 |   1906 |     59 |     87 |   1341 |   3 |  655.0 |
       Dungeon |   1965 |   1906 |     59 |     87 |   1341 |   3 |  655.0 |
               +--------+--------+--------+--------+--------+-----+--------+

Top non-repeatable levels by time:
     D:1: 895 daAuts
     D:2: 768 daAuts
     D:3: 301 daAuts
